 Dungeon Crawl Stone Soup version 0.27-a0-951-gae3e1deef5 (webtiles) character file.

Game seed: 15910101406001115394

4 polve the Skirmisher (level 1, 0/18 HPs)
             Began as a Demonspawn Abyssal Knight on Apr 11, 2021.
             Was a Follower of Lugonu.
             Slain by a quokka (4 damage)
             ... on level 1 of the Dungeon.
             The game lasted 00:00:17 (139 turns).

polve the Skirmisher (Demonspawn Abyssal Knight)     Turns: 139, Time: 00:00:18

Health: 0/18       AC:  3    Str: 12    XL:     1   Next: 58%
Magic:  2/2        EV: 11    Int: 13    God:    Lugonu [*.....]
Gold:   0          SH:  0    Dex: 12    Spells: 0/0 levels left

rFire    . . .     SeeInvis .   a - +1 short sword
rCold    . . .     Faith    .   (no shield)
rNeg     . . .     Spirit   .   b - +0 leather armour
rPois    .         Reflect  .   (no helmet)
rElec    .         Harm     .   (no cloak)
rCorr    .         Rampage  .   (no gloves)
Will     .....                  (no boots)
Stlth    +.........             (no amulet)
HPRegen  0.06/turn              (no ring)
MPRegen  0.08/turn              (no ring)

@: no status effects
A: no striking features
a: Renounce Religion, Depart the Abyss


You were on level 1 of the Dungeon.
You worshipped Lugonu.
Lugonu was aware of your devotion.
You visited 1 branch of the dungeon, and saw 1 of its levels.
You visited the Abyss 1 time.

Inventory:

Hand Weapons
 a - a +1 short sword (weapon)
Armour
 b - a +0 leather armour (worn)
Scrolls
 c - a scroll of immolation {unknown}


   Skills:
 - Level 3.0 Fighting
 + Level 2.2 Short Blades
 - Level 1.7 Armour
 - Level 0.8 Dodging
 - Level 2.4 Invocations


You couldn't memorise any spells.
You didn't know any spells.
Your spell library was empty.

Dungeon Overview and Level Annotations

Branches:
Dungeon (1/15)

Altars:


Message History

The hobgoblin misses you.
The dart slug bites you but does no damage.
The quokka bites you.
There is an open door here.
The bat hits you but does no damage.
You hit the hobgoblin.
You kill the hobgoblin!
Lugonu accepts your kill. The bat hits you but does no damage.
Your Short Blades skill increases to level 2!
You completely miss the dart slug. The bat closely misses you.
The dart slug barely misses you.
You puncture the dart slug!
The dart slug is severely wounded.
The bat misses you.
You hit the dart slug.
You kill the dart slug!
Lugonu accepts your kill.
You can now depart the Abyss.
The bat misses you. The quokka misses you.
You closely miss the quokka. The bat barely misses you.
The quokka completely misses you.
You barely miss the quokka. The bat completely misses you.
The bat closely misses you. The quokka bites you.
You hit the quokka.
The quokka is lightly wounded.
The bat hits you but does no damage. The quokka misses you.
You hit the quokka.
The quokka is heavily wounded.
The bat hits you.
* * * LOW HITPOINT WARNING * * *
The quokka closely misses you.
You hit the quokka.
The quokka is severely wounded.
The bat misses you. The quokka bites you.
* * * LOW HITPOINT WARNING * * *
The quokka closely misses you.
You barely miss the quokka.
The quokka is severely wounded.
The bat closely misses you. The quokka bites you.
You die...

.......⌠..........###
................⌠...##
..⌠.........⌠........##
...............(......#
......(<..........⌠...#
......................#
..⌠.........⌠..b.....##
................⌠...##
.......⌠........@.#### #
#.............##r##..##..
###############....>.....
............##..
.......>........
............##..
.......#....# .
....##......# .###
#........


You could see a quokka and a bat.

Vanquished Creatures
  A dart slug (D:1)
  A hobgoblin (D:1)
  A ball python (D:1)
3 creatures vanquished.

Notes
Turn   | Place    | Note
-------+----------+-------------------------------------------
     0 | Abyss:1  | polve the Demonspawn Abyssal Knight began the quest for the
                  | Orb.
     0 | Abyss:1  | Reached XP level 1. HP: 18/18 MP: 2/2
    78 | Abyss:1  | Noticed a tentacled starspawn
    83 | D:1      | Escaped the Abyss
   133 | D:1      | Reached * piety under Lugonu
   139 | D:1      | Slain by a quokka

Illustrated notes

Levels and vault maps discovered:
D:1:      dpeg_arrival_water_temple_mockup, layout_rooms,
          chequers_serial_rivers_small_b, minmay_tetromino_t4

Skill      XL: |  1 |
---------------+----+-----
Short Blades   | 2 |  2.2
Fighting       | |  3.0
Armour         | |  1.7
Dodging        | |  0.8
Invocations    | |  2.4

Action                   || total
-------------------------++-------
Melee: Short sword       ||    15
Invok: Depart the Abyss  ||     1
Armor: Leather armour    ||    12
Dodge: Dodged            ||    28

Table legend: (Time is in decaauts)
 A = Elapsed time spent in this place.
 B = Non-inter-level travel time spent in this place.
 C = Inter-level travel time spent in this place.
 D = Time resting spent in this place.
 E = Time spent auto-exploring this place.
 F = Levels seen in this place.
 G = Mean time per level.
                   A        B        C        D        E       F      G
               +--------+--------+--------+--------+--------+-----+--------+
         Total |    138 |    138 |      0 |      0 |    108 |   2 |   69.0 |
       Dungeon |     55 |     55 |      0 |      0 |     30 |   1 |   55.0 |
         Abyss |     83 |     83 |      0 |      0 |     78 |   1 |   83.0 |
               +--------+--------+--------+--------+--------+-----+--------+

Top non-repeatable levels by time:
 Abyss:1: 83 daAuts
     D:1: 55 daAuts
